 Dungeon Crawl Stone Soup version 0.29.0-13-gc9e81de378 (webtiles) character file.

Game seed: 17581954008219006610

14 Strat the Shooter (level 2, -3/17 HPs)
             Began as a Kobold Arcane Marksman on Sept 8, 2022.
             Slain by a goblin
             ... wielding a +0 dagger
              (4 damage)
             ... on level 2 of the Dungeon.
             The game lasted 00:01:02 (828 turns).

Strat the Shooter (Kobold Arcane Marksman)           Turns: 828, Time: 00:01:03

Health: -3/17      AC:  2    Str:  7    XL:     2   Next: 60%
Magic:  2/3        EV: 15    Int: 14    God:
Gold:   63         SH:  0    Dex: 15    Spells: 2/3 levels left

rFire   . . .      SeeInvis .   a - +1 sling
rCold   . . .      Faith    .   (no shield)
rNeg    . . .      Spirit   .   c - +0 robe
rPois   .          Reflect  .   (no helmet)
rElec   .          Harm     .   (no cloak)
rCorr   .          Rampage  .   (no gloves)
Will    .....                   (no boots)
Stlth   ++........              (no amulet)
HPRegen 0.05/turn               (no ring)
MPRegen 0.08/turn               (no ring)

@: no status effects
A: small, no large weapons, nightstalker 3
a: no special abilities


You were on level 2 of the Dungeon.
You visited 1 branch of the dungeon, and saw 2 of its levels.

You collected 63 gold pieces.

Inventory:

Hand Weapons
 a - a +1 sling (weapon)
 d - a +2 antimagic spear
Armour
 c - a +0 robe (worn)
Jewellery
 f - an amulet of reflection
Scrolls
 b - a scroll of poison
 e - 3 scrolls of teleportation {unknown}
 g - a scroll of silence {unknown}
Potions
 h - a potion of heal wounds {unknown}


   Skills:
 + Level 1.7 Fighting
 * Level 3.6 Ranged Weapons
 - Level 2.4 Dodging
 - Level 1.1 Spellcasting
 - Level 3.0 Hexes


You had 2 spell levels left.
You knew the following spells:

 Your Spells              Type           Power      Damage    Failure   Level
a - Slow                  Hex            36%        N/A       8%          1

Your spell library contained the following spells:

 Spells                   Type           Power      Damage    Failure   Level
 Confusing Touch          Hex            9%         N/A       22%         3
 Tukima's Dance           Hex            9%         N/A       22%         3
 Inner Flame              Hex/Fire       4%         N/A       38%         3
 Portal Projectile        Hex/Tloc       8%         N/A       38%         3
 Cause Fear               Hex            4%         N/A       58%         4
 Yara's Violent Unravell  Hex/Tmut       2%         3d3       98%         5
 Blade Hands              Tmut           0%         N/A       100%        5
 Enfeeble                 Hex            4%         N/A       100%        7


Dungeon Overview and Level Annotations

Branches:
Dungeon (1/15)

Altars:


Innate Abilities, Weirdness & Mutations

You are small and have problems with some larger weapons.
You are completely attuned to the shadows.


Message History

The goblin shouts!
A hobgoblin comes into view.
You shoot a sling bullet.
The sling bullet barely misses the giant cockroach.
The giant cockroach barely misses you. The giant cockroach bites you.
You shoot a sling bullet.
The sling bullet closely misses the giant cockroach.
The giant cockroach bites you.
You shoot a sling bullet.
The sling bullet hits the giant cockroach but does no damage.
The giant cockroach is almost dead.
You hear a shout!
The goblin hits you but does no damage.
The giant cockroach completely misses you.
The goblin barely misses you.
You hear a shout! x4
You shoot a sling bullet.
The sling bullet barely misses the giant cockroach.
The giant cockroach closely misses you. The giant cockroach barely misses you.
You shoot a sling bullet.
The sling bullet hits the giant cockroach but does no damage.
The giant cockroach is almost dead.
The giant cockroach bites you.
* * * LOW HITPOINT WARNING * * *
The goblin barely misses you. The hobgoblin hits you.
* * * LOW HITPOINT WARNING * * *
The hobgoblin attacks as you move away! The hobgoblin misses you.
Aiming: Slow (safe; 8% risk of failure)
Press: ? - help, Q - select action, (/) - cycle Shift-Dir - straight line, f/p - giant cockroach
Aim: a giant cockroach (almost dead, chance to affect: 64%)
The giant cockroach seems to slow down.
The giant cockroach misses you. The hobgoblin hits you.
* * * LOW HITPOINT WARNING * * *
The goblin hits you with a +0 dagger.
* * * LOW HITPOINT WARNING * * *
The hobgoblin attacks as you move away! The hobgoblin hits you.
* * * LOW HITPOINT WARNING * * *
The goblin hits you with a +0 dagger.
You die...

.........
.........
......... #######
..g......
#.....#######.....
#........@gB.....#
#.........g...#...
###...........#...
#...........# ..
............#
.......#


You could see a giant cockroach (slow), a hobgoblin and a goblin.

Vanquished Creatures
  2 endoplasms (D:1)
  A giant cockroach (D:1)
  2 hobgoblins (D:1)
  2 kobolds (D:1)
  2 ball pythons (D:1)
  2 bats (D:1)
  A frilled lizard (D:1)
  3 rats (D:1)
15 creatures vanquished.

Vanquished Creatures (others)
  A fungus (D:1)
  2 plants (D:1)
3 creatures vanquished.

Grand Total: 18 creatures vanquished

Notes
Turn   | Place    | Note
-------+----------+-------------------------------------------
     0 | D:1      | Strat the Kobold Arcane Marksman began the quest for the
                  | Orb.
     0 | D:1      | Reached XP level 1. HP: 12/12 MP: 2/2
   125 | D:1      | Reached XP level 2. HP: 16/16 MP: 3/3
   805 | D:1      | You fall into a shaft and drop 1 floor!
   828 | D:2      | Slain by a goblin

Illustrated notes

Levels and vault maps discovered:
D:1:      dpeg_arrival_boxes_within_box, layout_basic,
          dreamdust_ecumenical_altar_grove
D:2:      layout_basic, uniq_robin, uniq_sigmund

Skill      XL: |  1 |
---------------+----+-----
Ranged Weapons | 3 |  3.6
Fighting       | |  1.7
Dodging        | |  2.4
Spellcasting   | |  1.1
Hexes          | |  3.0

Action                   || total
-------------------------++-------
 Fire: Sling             ||    42
 Cast: Slow              ||     1
Armor: Robe              ||     3
Dodge: Dodged            ||    24
